Nashville Predators vs Hartford Whalers
Created - Wednesday, August 20, 2025 at 07:06
Goals
|
| Nashville Predators |
2 |
2 |
0 |
4 |
| Hartford Whalers |
0 |
0 |
2 |
2 |
|
Shots
|
| Nashville Predators |
16 |
17 |
3 |
36 |
| Hartford Whalers |
4 |
15 |
13 |
32 |
|
1st period
1. Nashville Predators , Alex Pietrangelo 1 (Jack Roslovic 3, Brandon Montour 5) at 3:31
2. Nashville Predators , Dmitri Voronkov 8 (Rasmus Andersson 6) at 10:51
Penalties :
Dmitri Voronkov (NSH) for Hooking (Minor) at 4:07
2nd period
3. Nashville Predators , Dmitri Voronkov 9 (Jake Neighbours 8, Marco Kasper 6) at 4:27
4. Nashville Predators , John-Jason Peterka 10 (Jean-Gabriel Pageau 10, Pius Suter 6) at 5:03 (PP)
Penalties :
Charlie McAvoy (HFD) for Roughing (Minor) at 4:50, Joshua Norris (HFD) for Tripping (Minor) at 7:34
3rd period
5. Hartford Whalers , Nick Suzuki 6 (Dylan Guenther 4, Vladislav Gavrikov 5) at 0:38
6. Hartford Whalers , Pierre-Luc Dubois 6 (Nick Suzuki 10, Dylan Guenther 5) at 1:28
Penalties :
Rasmus Andersson (NSH) for Cross-checking (Minor) at 4:36, Kaapo Kakko (HFD) for High sticking (Minor) at 13:24
Goalie Stats
Anthony Stolarz (NSH), 30 saves from 32 shots - (0.938), W, 9-0-0, 60:00 minutes
Samuel Montembeault (HFD), 32 saves from 36 shots - (0.889), L, 4-4-3, 60:00 minutes
Players Stats for Nashville Predators
Player Name G A P +/- PIM S H SB GA TA FO MP PP MP PK MP
------------------------------------------------------------------------------------
Alex Pietrangelo 1 0 1 1 0 2 2 0 0 2 0/0 24:06 2:08 2:06
Brandon Montour 0 1 1 1 0 1 6 2 0 0 0/0 20:45 0:00 0:52
Brandon Tanev 0 0 0 0 0 0 0 0 0 0 0/0 9:43 0:00 0:31
Dmitri Voronkov 2 0 2 1 2 6 2 1 0 0 0/0 18:03 1:52 0:24
Eetu Luostarinen 0 0 0 0 0 1 1 0 0 0 0/0 10:16 0:00 1:00
Jack Roslovic 0 1 1 1 0 0 0 1 0 0 2/5 11:59 2:08 0:00
Jake Neighbours 0 1 1 1 0 3 2 0 1 1 0/2 17:48 1:52 0:12
James van Riemsdyk 0 0 0 1 0 1 0 0 1 0 0/0 9:27 0:00 0:00
Jean-Gabriel Pageau 0 1 1 -1 0 5 2 0 2 0 18/37 21:54 2:19 2:03
John-Jason Peterka 1 0 1 -1 0 5 4 0 3 1 0/1 19:51 2:19 0:00
Lars Eller 0 0 0 0 0 0 0 1 0 1 0/2 9:43 0:00 0:31
Marco Kasper 0 1 1 1 0 0 0 0 0 1 2/12 17:27 1:52 0:00
Nick Perbix 0 0 0 0 0 0 0 0 0 1 0/0 16:08 2:03 0:00
Parker Wotherspoon 0 0 0 0 0 0 1 1 0 0 0/0 15:34 0:00 2:10
Pius Suter 0 1 1 -1 0 5 1 0 0 0 0/1 22:08 2:19 2:03
Rasmus Andersson 0 1 1 0 2 2 1 1 0 1 0/0 21:39 2:03 0:56
Simon Benoit 0 0 0 0 0 2 2 2 0 0 0/0 18:54 0:00 1:52
Yegor Sharangovich 0 0 0 1 0 3 1 0 0 0 0/0 10:35 0:00 1:12
Players Stats for Hartford Whalers
Player Name G A P +/- PIM S H SB GA TA FO MP PP MP PK MP
------------------------------------------------------------------------------------
Anders Lee 0 0 0 0 0 2 1 0 0 0 0/0 9:33 0:12 0:00
Anthony Cirelli 0 0 0 -2 0 5 1 1 1 0 9/9 17:39 1:56 2:12
Braden Schneider 0 0 0 0 0 1 0 0 0 0 0/0 15:08 0:00 0:00
Charlie McAvoy 0 0 0 -1 2 1 2 2 0 0 0/0 20:54 0:00 0:00
Devon Toews 0 0 0 0 0 1 0 1 0 1 0/0 19:55 2:17 2:19
Dylan Guenther 0 2 2 1 0 5 1 0 0 1 0/0 15:32 0:12 0:00
Frank Nazar 0 0 0 0 0 3 0 0 0 0 0/0 9:12 0:00 0:00
Jonathan Drouin 0 0 0 0 0 2 1 0 2 0 1/2 15:22 0:00 1:03
Joshua Norris 0 0 0 0 2 0 1 0 1 0 13/21 17:17 1:54 1:01
Kaapo Kakko 0 0 0 -2 2 3 0 0 0 0 0/0 13:45 0:00 0:00
Matthew Coronato 0 0 0 -2 0 1 1 1 1 0 0/0 13:46 0:00 0:00
Nick Suzuki 1 1 2 1 0 1 0 0 1 1 11/21 18:25 2:02 1:59
Pierre-Luc Dubois 1 0 1 1 0 2 2 1 0 0 0/0 16:25 1:52 0:08
Seth Jones 0 0 0 -1 0 0 2 3 0 0 0/0 19:17 1:41 1:52
Tom Wilson 0 0 0 0 0 0 5 1 0 0 0/1 17:47 1:54 1:59
Tomas Hertl 0 0 0 0 0 1 0 0 2 1 4/6 11:04 1:52 0:00
Tyler Myers 0 0 0 0 0 0 2 4 0 1 0/0 19:10 1:41 1:52
Vladislav Gavrikov 0 1 1 0 0 4 0 0 0 2 0/0 25:35 2:17 2:19
3 Stars
1 - Dmitri Voronkov (NSH)
2 - Brandon Montour (NSH)
3 - Alex Pietrangelo (NSH)
Power Play
Nashville Predators - 1 on 3 Attempt(s) - 33.33%
Hartford Whalers - 0 on 2 Attempt(s) - 0.00%
Penalty Kill
Nashville Predators - 2 on 2 Attempt(s) - 100.00%
- Score 0 goal in Penalty Kill
Hartford Whalers - 2 on 3 Attempt(s) - 66.67%
- Score 0 goal in Penalty Kill
Team Stat
Nashville Predators - Hits : 25 - Faceoff Wins : 22 - Blocked Shots : 9 - Penalty Minutes : 4
Hartford Whalers - Hits : 19 - Faceoff Wins : 38 - Blocked Shots : 14 - Penalty Minutes : 6
Official
Referees : Reid Anderson and Conor O'Donnell
Linesman : Brad Kovachik and Caleb Apperson
Game Notes
No Game Note
Finance
Level 1 -- Attendance: 6000 (100.00%) -- Ticket Income $510,000
Level 2 -- Attendance: 5000 (100.00%) -- Ticket Income $275,000
Level 3 -- Attendance: 2916 (97.20%) -- Ticket Income $87,480
Level 4 -- Attendance: 4866 (97.32%) -- Ticket Income $97,320
Luxury Box -- Attendance: 948 (94.80%) -- Ticket Income $180,120
Game was played at the Hartford Civic Center.
Total Attendance: 19730 (98.65%)
Total Ticket Income: $1,149,920
Other Income: $402,472
Total Income: $1,552,392
Nashville Predators
5 vs 5 Forward
Center Left Wing Right Wing Time % Phy DF OF
1 Jean-Gabriel Pageau John-Jason Peterka Pius Suter 37 0 2 3
2 Marco Kasper Dmitri Voronkov Jake Neighbours 33 0 2 3
3 Jack Roslovic Yegor Sharangovich James van Riemsdyk 15 0 2 3
4 Lars Eller Eetu Luostarinen Brandon Tanev 15 0 3 2
5 vs 5 Defense
Defense Defense Time % Phy DF OF
1 Alex Pietrangelo Brandon Montour 40 1 2 2
2 Simon Benoit Rasmus Andersson 36 1 4 0
3 Nick Perbix Parker Wotherspoon 24 0 5 0
4 Parker Wotherspoon Nick Perbix 0 1 3 1
PowerPlay Forward
Center Left Wing Right Wing Time % Phy DF OF
1 Jean-Gabriel Pageau John-Jason Peterka Pius Suter 65 1 1 3
2 Marco Kasper Dmitri Voronkov Jake Neighbours 35 1 1 3
PowerPlay Defense
Defense Defense Time % Phy DF OF
1 Jack Roslovic Alex Pietrangelo 50 1 1 3
2 Nick Perbix Rasmus Andersson 50 2 2 1
Penalty Kill 4 Players Forward
Center Wing Time % Phy DF OF
1 Jean-Gabriel Pageau Pius Suter 65 1 2 2
2 Lars Eller Brandon Tanev 35 1 2 2
Penalty Kill 4 Players Defense
Defense Defense Time % Phy DF OF
1 Alex Pietrangelo Rasmus Andersson 60 2 3 0
2 Simon Benoit Parker Wotherspoon 40 1 3 1
Penalty Kill - 3 Players Forward
Forward Time % Phy DF OF
1 Jean-Gabriel Pageau 50 1 2 2
2 Lars Eller 50 1 2 2
Penalty Kill - 3 Players Defense
Defense Defense Time % Phy DF OF
1 Alex Pietrangelo Rasmus Andersson 50 1 2 2
2 Simon Benoit Parker Wotherspoon 50 1 2 2
4 vs 4 Forward
Center Wing Time % Phy DF OF
1 Jean-Gabriel Pageau Pius Suter 50 1 2 2
2 Lars Eller Eetu Luostarinen 50 1 2 2
4 vs 4 Defense
Defense Defense Time % Phy DF OF
1 Rasmus Andersson Alex Pietrangelo 60 2 2 1
2 Parker Wotherspoon Simon Benoit 40 2 2 1
Last Minutes Offensive
Center Left Wing Right Wing Defense Defense
Jean-Gabriel Pageau Pius Suter John-Jason Peterka Dmitri Voronkov Brandon Montour
Last Minutes Defensive
Center Left Wing Right Wing Defense Defense
Jean-Gabriel Pageau Pius Suter Brandon Tanev Alex Pietrangelo Rasmus Andersson
Goaltenders
Starting : Anthony Stolarz
Backup : Samuel Ersson
Extra Forwards
Normal : Dmitri Voronkov, James van Riemsdyk, Eetu Luostarinen - PP : Eetu Luostarinen, James van Riemsdyk - PK : Eetu Luostarinen
Extra Defensemen
Normal : Rasmus Andersson, Parker Wotherspoon, Simon Benoit - PP : Nick Perbix - PK : Parker Wotherspoon, Brandon Montour
Penalty Shots
Dmitri Voronkov, Jake Neighbours, John-Jason Peterka, Pius Suter, Yegor Sharangovich
Scratches
Dante Fabbro (Healthy), Nikita Alexandrov (Healthy), Ryan Hartman (Healthy), Thatcher Demko (Healthy), Mads Sogaard (Healthy)
Hartford Whalers
5 vs 5 Forward
Center Left Wing Right Wing Time % Phy DF OF
1 Nick Suzuki Pierre-Luc Dubois Dylan Guenther 30 1 2 2
2 Joshua Norris Jonathan Drouin Tom Wilson 30 1 2 2
3 Anthony Cirelli Matthew Coronato Kaapo Kakko 25 1 2 2
4 Tomas Hertl Anders Lee Frank Nazar 15 1 2 2
5 vs 5 Defense
Defense Defense Time % Phy DF OF
1 Charlie McAvoy Seth Jones 30 1 2 2
2 Vladislav Gavrikov Devon Toews 30 1 2 2
3 Braden Schneider Tyler Myers 25 1 2 2
4 Charlie McAvoy Vladislav Gavrikov 15 1 2 2
PowerPlay Forward
Center Left Wing Right Wing Time % Phy DF OF
1 Nick Suzuki Joshua Norris Tom Wilson 50 1 0 4
2 Anthony Cirelli Tomas Hertl Pierre-Luc Dubois 50 1 0 4
PowerPlay Defense
Defense Defense Time % Phy DF OF
1 Tyler Myers Seth Jones 50 2 2 1
2 Vladislav Gavrikov Devon Toews 50 1 2 2
Penalty Kill 4 Players Forward
Center Wing Time % Phy DF OF
1 Nick Suzuki Tom Wilson 50 1 2 2
2 Joshua Norris Anthony Cirelli 50 1 2 2
Penalty Kill 4 Players Defense
Defense Defense Time % Phy DF OF
1 Tyler Myers Seth Jones 50 2 2 1
2 Vladislav Gavrikov Devon Toews 50 2 2 1
Penalty Kill - 3 Players Forward
Forward Time % Phy DF OF
1 Anthony Cirelli 50 1 3 1
2 Joshua Norris 50 1 3 1
Penalty Kill - 3 Players Defense
Defense Defense Time % Phy DF OF
1 Tyler Myers Seth Jones 50 2 3 0
2 Vladislav Gavrikov Devon Toews 50 2 3 0
4 vs 4 Forward
Center Wing Time % Phy DF OF
1 Nick Suzuki Tom Wilson 50 1 2 2
2 Joshua Norris Anthony Cirelli 50 1 2 2
4 vs 4 Defense
Defense Defense Time % Phy DF OF
1 Tyler Myers Seth Jones 50 1 2 2
2 Vladislav Gavrikov Devon Toews 50 1 2 2
Last Minutes Offensive
Center Left Wing Right Wing Defense Defense
Nick Suzuki Tomas Hertl Tom Wilson Charlie McAvoy Devon Toews
Last Minutes Defensive
Center Left Wing Right Wing Defense Defense
Joshua Norris Anthony Cirelli Tom Wilson Tyler Myers Vladislav Gavrikov
Goaltenders
Starting : Samuel Montembeault
Backup : Spencer Knight
Extra Forwards
Normal : Dylan Guenther, Anders Lee, Jonathan Drouin - PP : Dylan Guenther, Anders Lee - PK : Jonathan Drouin
Extra Defensemen
Normal : Braden Schneider, Charlie McAvoy, Vladislav Gavrikov - PP : Braden Schneider - PK : Charlie McAvoy, Vladislav Gavrikov
Penalty Shots
Nick Suzuki, Tom Wilson, Joshua Norris, Anthony Cirelli, Tomas Hertl
Scratches
Alex Newhook (Healthy), Danny Zhilkin (Healthy)
% Time on Ice - Nashville Predators
Lines # - Real PCT - Wanted PCT - Time Play
Normal Forward
1 - 34% - 37% - 17:45
2 - 30% - 33% - 15:35
3 - 18% - 15% - 9:19
4 - 18% - 15% - 9:12
Normal Defense
1 - 39% - 40% - 20:01
2 - 34% - 36% - 17:45
3 - 27% - 24% - 14:05
4 - 0% - 0% - 0:00
PP Forward
1 - 55% - 65% - 2:19
2 - 45% - 35% - 1:52
PP Defense
1 - 51% - 50% - 2:08
2 - 49% - 50% - 2:03
PK Forward
1 - 87% - 65% - 3:27
2 - 13% - 35% - 0:31
PK Defense
1 - 74% - 60% - 2:55
2 - 26% - 40% - 1:03
PK3 Forward
1 - 0% - 50%
2 - 0% - 50%
PK3 Defense
1 - 0% - 50%
2 - 0% - 50%
44 Forward
1 - 0% - 50%
2 - 0% - 50%
44 Defense
1 - 0% - 60%
2 - 0% - 40%
Last Minute Offensive - 0:00
Last Minute Defensive - 0:00
Total
Forward - 60:00
Defense - 60:00
|
% Time on Ice - Hartford Whalers
Lines # - Real PCT - Wanted PCT - Time Play
Normal Forward
1 - 28% - 30% - 14:24
2 - 28% - 30% - 14:29
3 - 27% - 25% - 13:46
4 - 18% - 15% - 9:12
Normal Defense
1 - 30% - 30% - 15:44
2 - 30% - 30% - 15:19
3 - 29% - 25% - 15:08
4 - 11% - 15% - 5:40
PP Forward
1 - 51% - 50% - 2:02
2 - 49% - 50% - 1:56
PP Defense
1 - 42% - 50% - 1:41
2 - 58% - 50% - 2:17
PK Forward
1 - 47% - 50% - 1:59
2 - 53% - 50% - 2:12
PK Defense
1 - 45% - 50% - 1:52
2 - 55% - 50% - 2:19
PK3 Forward
1 - 0% - 50%
2 - 0% - 50%
PK3 Defense
1 - 0% - 50%
2 - 0% - 50%
44 Forward
1 - 0% - 50%
2 - 0% - 50%
44 Defense
1 - 0% - 50%
2 - 0% - 50%
Last Minute Offensive - 0:00
Last Minute Defensive - 0:00
Total
Forward - 60:00
Defense - 60:00
|
Play-by-Play
1st period
0:01 of 1st period - Nick Suzuki wins face-off versus Jean-Gabriel Pageau in neutral zone.
0:16 of 1st period - Wrist shot by Nick Suzuki.
0:16 of 1st period - Deflect By Pierre-Luc Dubois.
0:16 of 1st period - Stopped by Anthony Stolarz with a rebound.
0:31 of 1st period - Anthony Cirelli is hit by John-Jason Peterka and loses puck.
0:48 of 1st period - Snap shot by John-Jason Peterka.
0:48 of 1st period - Shot Blocked by Seth Jones.
0:50 of 1st period - Slapshot by Parker Wotherspoon.
0:50 of 1st period - Shot Misses the Net.
0:52 of 1st period - Snap shot by Pius Suter.
0:52 of 1st period - Stopped by Samuel Montembeault without a rebound.
0:53 of 1st period - Marco Kasper wins face-off versus Joshua Norris in Hartford Whalers zone.
1:44 of 1st period - Snap shot by Nick Suzuki.
1:44 of 1st period - Shot Misses the Net.
2:06 of 1st period - Snap shot by Dmitri Voronkov.
2:06 of 1st period - Stopped by Samuel Montembeault without a rebound.
2:07 of 1st period - Anthony Cirelli wins face-off versus Marco Kasper in Hartford Whalers zone.
2:18 of 1st period - Wrist shot by Anthony Cirelli.
2:18 of 1st period - Stopped by Anthony Stolarz without a rebound.
2:19 of 1st period - Joshua Norris wins face-off versus Marco Kasper in Nashville Predators zone.
2:56 of 1st period - Pierre-Luc Dubois is hit by Brandon Montour and loses puck.
3:15 of 1st period - Snap shot by Matthew Coronato.
3:15 of 1st period - Shot Misses the Net.
3:29 of 1st period - Snap shot by Jack Roslovic.
3:29 of 1st period - Shot Misses the Net.
3:31 of 1st period - Wrist shot by Alex Pietrangelo.
3:31 of 1st period - Deflect By Vladislav Gavrikov.
3:31 of 1st period - Goal by Alex Pietrangelo - Nashville Predators : 1 - Hartford Whalers : 0.
3:32 of 1st period - Jean-Gabriel Pageau wins face-off versus Jonathan Drouin in neutral zone.
3:39 of 1st period - Snap shot by John-Jason Peterka.
3:39 of 1st period - Shot Misses the Net.
4:07 of 1st period - Minor Penalty to Dmitri Voronkov for Hooking.
4:08 of 1st period - Jean-Gabriel Pageau wins face-off versus Nick Suzuki in Nashville Predators zone.
6:07 of 1st period - Penalty to Dmitri Voronkov is over, Dmitri Voronkov is back on ice.
6:16 of 1st period - Brandon Montour is hit by Seth Jones and loses puck.
6:37 of 1st period - Tom Wilson is hit by Brandon Montour and loses puck.
6:52 of 1st period - Marco Kasper is hit by Tyler Myers and loses puck.
7:03 of 1st period - Devon Toews is hit by Brandon Montour and loses puck.
7:31 of 1st period - Tomas Hertl is hit by Jean-Gabriel Pageau and loses puck.
8:22 of 1st period - Seth Jones is hit by Yegor Sharangovich and loses puck.
8:31 of 1st period - Yegor Sharangovich is hit by Seth Jones and loses puck.
8:44 of 1st period - Pius Suter is hit by Tom Wilson and loses puck.
8:58 of 1st period - Icing by Jonathan Drouin.
8:59 of 1st period - Joshua Norris wins face-off versus Marco Kasper in Hartford Whalers zone.
9:52 of 1st period - Snap shot by Jean-Gabriel Pageau.
9:52 of 1st period - Shot Misses the Net.
9:54 of 1st period - Wrist shot by Pius Suter.
9:54 of 1st period - Stopped by Samuel Montembeault without a rebound.
9:55 of 1st period - Anthony Cirelli wins face-off versus Marco Kasper in Hartford Whalers zone.
10:19 of 1st period - Wrist shot by Anthony Cirelli.
10:19 of 1st period - Shot Misses the Net.
10:51 of 1st period - Slapshot by Dmitri Voronkov.
10:51 of 1st period - Goal by Dmitri Voronkov - Nashville Predators : 2 - Hartford Whalers : 0.
10:52 of 1st period - Jean-Gabriel Pageau wins face-off versus Nick Suzuki in neutral zone.
11:01 of 1st period - Wrist shot by Pius Suter.
11:01 of 1st period - Shot Misses the Net.
11:03 of 1st period - Snap shot by Jean-Gabriel Pageau.
11:03 of 1st period - Shot Misses the Net.
11:19 of 1st period - Alex Pietrangelo is hit by Tom Wilson and loses puck.
11:26 of 1st period - Wrist shot by Jonathan Drouin.
11:26 of 1st period - Shot Misses the Net.
12:13 of 1st period - Braden Schneider is hit by Rasmus Andersson and loses puck.
12:35 of 1st period - Wrist shot by Anthony Cirelli.
12:35 of 1st period - Shot Blocked by Dmitri Voronkov.
12:51 of 1st period - Snap shot by Marco Kasper.
12:51 of 1st period - Shot Misses the Net.
12:53 of 1st period - Slapshot by Nick Perbix.
12:53 of 1st period - Deflect By Dmitri Voronkov.
12:53 of 1st period - Shot Misses the Net.
12:53 of 1st period - Puck is out of play.
12:54 of 1st period - Joshua Norris wins face-off versus Jean-Gabriel Pageau in Hartford Whalers zone.
13:01 of 1st period - Snap shot by Joshua Norris.
13:01 of 1st period - Shot Misses the Net.
13:07 of 1st period - Wrist shot by Tom Wilson.
13:07 of 1st period - Shot Blocked by Simon Benoit.
13:21 of 1st period - Dylan Guenther is hit by Simon Benoit and loses puck.
13:34 of 1st period - Vladislav Gavrikov is hit by Alex Pietrangelo.
13:46 of 1st period - Snap shot by Brandon Tanev.
13:46 of 1st period - Shot Blocked by Devon Toews.
14:05 of 1st period - Snap shot by Jake Neighbours.
14:05 of 1st period - Shot Misses the Net.
14:07 of 1st period - Snap shot by Dmitri Voronkov.
14:07 of 1st period - Stopped by Samuel Montembeault without a rebound.
14:08 of 1st period - Marco Kasper wins face-off versus Joshua Norris in Hartford Whalers zone.
14:09 of 1st period - Snap shot by Dmitri Voronkov.
14:09 of 1st period - Stopped by Samuel Montembeault with a rebound.
14:11 of 1st period - Slapshot by Rasmus Andersson.
14:11 of 1st period - Shot Misses the Net.
14:13 of 1st period - Wrist shot by Marco Kasper.
14:13 of 1st period - Shot Misses the Net.
14:15 of 1st period - Slapshot by Simon Benoit.
14:15 of 1st period - Stopped by Samuel Montembeault with a rebound.
14:17 of 1st period - Slapshot by Rasmus Andersson.
14:17 of 1st period - Stopped by Samuel Montembeault with a rebound.
14:19 of 1st period - Slapshot by Rasmus Andersson.
14:19 of 1st period - Shot Blocked by Seth Jones.
14:35 of 1st period - Simon Benoit is hit by Pierre-Luc Dubois.
15:39 of 1st period - Wrist shot by Jean-Gabriel Pageau.
15:39 of 1st period - Stopped by Samuel Montembeault without a rebound.
15:40 of 1st period - Jean-Gabriel Pageau wins face-off versus Nick Suzuki in Hartford Whalers zone.
15:43 of 1st period - Backhand shot by John-Jason Peterka.
15:43 of 1st period - Deflect By Pius Suter.
15:43 of 1st period - Shot Blocked by Pierre-Luc Dubois.
15:43 of 1st period - Puck is out of play.
15:44 of 1st period - Jean-Gabriel Pageau wins face-off versus Nick Suzuki in Hartford Whalers zone.
15:47 of 1st period - Wrist shot by Pius Suter.
15:47 of 1st period - Stopped by Samuel Montembeault with a rebound.
15:59 of 1st period - Snap shot by Jean-Gabriel Pageau.
15:59 of 1st period - Stopped by Samuel Montembeault without a rebound.
16:00 of 1st period - Joshua Norris wins face-off versus Marco Kasper in Hartford Whalers zone.
16:13 of 1st period - Snap shot by Dmitri Voronkov.
16:13 of 1st period - Shot Misses the Net.
16:51 of 1st period - Snap shot by Anders Lee.
16:51 of 1st period - Stopped by Anthony Stolarz without a rebound.
16:52 of 1st period - Jean-Gabriel Pageau wins face-off versus Joshua Norris in Nashville Predators zone.
16:52 of 1st period - Jean-Gabriel Pageau is hit by Tom Wilson.
17:18 of 1st period - Dylan Guenther is hit by Dmitri Voronkov and loses puck.
17:26 of 1st period - Icing by Charlie McAvoy.
17:27 of 1st period - Nick Suzuki wins face-off versus Jake Neighbours in Hartford Whalers zone.
17:38 of 1st period - Snap shot by Jake Neighbours.
17:38 of 1st period - Stopped by Samuel Montembeault with a rebound.
17:40 of 1st period - Slapshot by Alex Pietrangelo.
17:40 of 1st period - Stopped by Samuel Montembeault with a rebound.
17:42 of 1st period - Snap shot by Marco Kasper.
17:42 of 1st period - Shot Misses the Net.
17:59 of 1st period - Brandon Montour is hit by Charlie McAvoy and loses puck.
18:18 of 1st period - Snap shot by Tom Wilson.
18:18 of 1st period - Shot Misses the Net.
18:36 of 1st period - Wrist shot by Anders Lee.
18:36 of 1st period - Shot Misses the Net.
18:44 of 1st period - Snap shot by Yegor Sharangovich.
18:44 of 1st period - Stopped by Samuel Montembeault with a rebound.
19:01 of 1st period - Wrist shot by Jake Neighbours.
19:01 of 1st period - Stopped by Samuel Montembeault with a rebound.
19:03 of 1st period - Backhand shot by Dmitri Voronkov.
19:03 of 1st period - Shot Blocked by Anthony Cirelli.
19:33 of 1st period - Wrist shot by Frank Nazar.
19:33 of 1st period - Stopped by Anthony Stolarz without a rebound.
19:34 of 1st period - Tomas Hertl wins face-off versus Pius Suter in Nashville Predators zone.
Goals for this period are 2 for Nashville Predators vs 0 for Hartford Whalers.
Shots for this period are 16 for Nashville Predators vs 4 for Hartford Whalers.
2nd period
0:01 of 2nd period - Jean-Gabriel Pageau wins face-off versus Joshua Norris in neutral zone.
0:23 of 2nd period - Icing by Tom Wilson.
0:24 of 2nd period - Joshua Norris wins face-off versus Marco Kasper in Hartford Whalers zone.
1:17 of 2nd period - Slapshot by Jonathan Drouin.
1:17 of 2nd period - Shot Misses the Net.
1:39 of 2nd period - Slapshot by Frank Nazar.
1:39 of 2nd period - Shot Blocked by Simon Benoit.
1:41 of 2nd period - Wrist shot by Frank Nazar.
1:41 of 2nd period - Shot Blocked by Jack Roslovic.
1:43 of 2nd period - Slapshot by Devon Toews.
1:43 of 2nd period - Deflect By Simon Benoit.
1:43 of 2nd period - Stopped by Anthony Stolarz with a rebound.
1:45 of 2nd period - Snap shot by Vladislav Gavrikov.
1:45 of 2nd period - Stopped by Anthony Stolarz with a rebound.
1:47 of 2nd period - Backhand shot by Tomas Hertl.
1:47 of 2nd period - Stopped by Anthony Stolarz with a rebound.
2:21 of 2nd period - Icing by Seth Jones.
2:22 of 2nd period - Anthony Cirelli wins face-off versus Jean-Gabriel Pageau in Hartford Whalers zone.
3:51 of 2nd period - Snap shot by Matthew Coronato.
3:51 of 2nd period - Shot Misses the Net.
3:53 of 2nd period - Snap shot by Matthew Coronato.
3:53 of 2nd period - Stopped by Anthony Stolarz with a rebound.
3:55 of 2nd period - Wrist shot by Kaapo Kakko.
3:55 of 2nd period - Stopped by Anthony Stolarz without a rebound.
3:56 of 2nd period - Joshua Norris wins face-off versus Jean-Gabriel Pageau in Nashville Predators zone.
4:27 of 2nd period - Wrist shot by Dmitri Voronkov.
4:27 of 2nd period - Goal by Dmitri Voronkov - Nashville Predators : 3 - Hartford Whalers : 0.
4:28 of 2nd period - Jean-Gabriel Pageau wins face-off versus Nick Suzuki in neutral zone.
4:33 of 2nd period - Snap shot by John-Jason Peterka.
4:33 of 2nd period - Deflect By Jean-Gabriel Pageau.
4:33 of 2nd period - Shot Misses the Net.
4:33 of 2nd period - Puck is out of play.
4:34 of 2nd period - Jean-Gabriel Pageau wins face-off versus Nick Suzuki in Hartford Whalers zone.
4:37 of 2nd period - Snap shot by Pius Suter.
4:37 of 2nd period - Stopped by Samuel Montembeault with a rebound.
4:50 of 2nd period - Minor Penalty to Charlie McAvoy for Roughing.
4:51 of 2nd period - Nick Suzuki wins face-off versus Jean-Gabriel Pageau in Hartford Whalers zone.
5:03 of 2nd period - Snap shot by John-Jason Peterka.
5:03 of 2nd period - Goal by John-Jason Peterka - Nashville Predators : 4 - Hartford Whalers : 0.
5:04 of 2nd period - Joshua Norris wins face-off versus Jean-Gabriel Pageau in neutral zone.
5:11 of 2nd period - Slapshot by Brandon Montour.
5:11 of 2nd period - Shot Blocked by Tom Wilson.
5:13 of 2nd period - Slapshot by Jean-Gabriel Pageau.
5:13 of 2nd period - Deflect By John-Jason Peterka.
5:13 of 2nd period - Shot Misses the Net.
5:13 of 2nd period - Puck is out of play.
5:14 of 2nd period - Joshua Norris wins face-off versus Jean-Gabriel Pageau in Hartford Whalers zone.
5:33 of 2nd period - Tom Wilson is hit by Jean-Gabriel Pageau and loses puck.
5:40 of 2nd period - Snap shot by Jean-Gabriel Pageau.
5:40 of 2nd period - Stopped by Samuel Montembeault without a rebound.
5:41 of 2nd period - Nick Suzuki wins face-off versus Marco Kasper in Hartford Whalers zone.
6:12 of 2nd period - Slapshot by Charlie McAvoy.
6:12 of 2nd period - Stopped by Anthony Stolarz with a rebound.
6:14 of 2nd period - Wrist shot by Matthew Coronato.
6:14 of 2nd period - Shot Blocked by Rasmus Andersson.
6:16 of 2nd period - Wrist shot by Matthew Coronato.
6:16 of 2nd period - Shot Misses the Net.
6:18 of 2nd period - Slapshot by Kaapo Kakko.
6:18 of 2nd period - Shot Misses the Net.
6:28 of 2nd period - Wrist shot by Pius Suter.
6:28 of 2nd period - Shot Misses the Net.
6:30 of 2nd period - Slapshot by John-Jason Peterka.
6:30 of 2nd period - Deflect By Jonathan Drouin.
6:30 of 2nd period - Stopped by Samuel Montembeault with a rebound.
6:32 of 2nd period - Wrist shot by Jean-Gabriel Pageau.
6:32 of 2nd period - Deflect By Pius Suter.
6:32 of 2nd period - Stopped by Samuel Montembeault with a rebound.
6:34 of 2nd period - Snap shot by Pius Suter.
6:34 of 2nd period - Deflect By Jean-Gabriel Pageau.
6:34 of 2nd period - Stopped by Samuel Montembeault with a rebound.
6:38 of 2nd period - Wrist shot by John-Jason Peterka.
6:38 of 2nd period - Stopped by Samuel Montembeault without a rebound.
6:39 of 2nd period - Nick Suzuki wins face-off versus Jake Neighbours in Hartford Whalers zone.
6:39 of 2nd period - Nick Suzuki is hit by Jake Neighbours.
6:46 of 2nd period - Off-side.
6:47 of 2nd period - Nick Suzuki wins face-off versus Marco Kasper in neutral zone.
7:00 of 2nd period - Snap shot by Dylan Guenther.
7:00 of 2nd period - Shot Blocked by Parker Wotherspoon.
7:06 of 2nd period - Snap shot by Pierre-Luc Dubois.
7:06 of 2nd period - Shot Misses the Net.
7:08 of 2nd period - Slapshot by Tyler Myers.
7:08 of 2nd period - Deflect By Dylan Guenther.
7:08 of 2nd period - Shot Misses the Net.
7:08 of 2nd period - Puck is out of play.
7:09 of 2nd period - Jean-Gabriel Pageau wins face-off versus Joshua Norris in Nashville Predators zone.
7:11 of 2nd period - Icing by Brandon Montour.
7:12 of 2nd period - Joshua Norris wins face-off versus Jean-Gabriel Pageau in Nashville Predators zone.
7:19 of 2nd period - Jean-Gabriel Pageau is hit by Jonathan Drouin and loses puck.
7:26 of 2nd period - Slapshot by Brandon Montour.
7:26 of 2nd period - Deflect By Joshua Norris.
7:26 of 2nd period - Stopped by Samuel Montembeault with a rebound.
7:34 of 2nd period - Minor Penalty to Joshua Norris for Tripping.
7:35 of 2nd period - Nick Suzuki wins face-off versus Jean-Gabriel Pageau in Hartford Whalers zone.
8:12 of 2nd period - Snap shot by Dmitri Voronkov.
8:12 of 2nd period - Shot Blocked by Tyler Myers.
8:14 of 2nd period - Snap shot by Nick Perbix.
8:14 of 2nd period - Shot Blocked by Tyler Myers.
8:16 of 2nd period - Wrist shot by Dmitri Voronkov.
8:16 of 2nd period - Deflect By Marco Kasper.
8:16 of 2nd period - Shot Misses the Net.
8:16 of 2nd period - Puck is out of play.
8:17 of 2nd period - Nick Suzuki wins face-off versus Jean-Gabriel Pageau in Hartford Whalers zone.
8:17 of 2nd period - Nick Suzuki is hit by John-Jason Peterka.
8:59 of 2nd period - Vladislav Gavrikov is hit by John-Jason Peterka and loses puck.
9:34 of 2nd period - Penalty to Joshua Norris is over, Joshua Norris is back on ice.
11:56 of 2nd period - Snap shot by Frank Nazar.
11:56 of 2nd period - Stopped by Anthony Stolarz without a rebound.
11:57 of 2nd period - Tomas Hertl wins face-off versus Jean-Gabriel Pageau in Nashville Predators zone.
12:00 of 2nd period - Snap shot by Anders Lee.
12:00 of 2nd period - Stopped by Anthony Stolarz with a rebound.
12:43 of 2nd period - Wrist shot by John-Jason Peterka.
12:43 of 2nd period - Stopped by Samuel Montembeault with a rebound.
12:45 of 2nd period - Snap shot by Jean-Gabriel Pageau.
12:45 of 2nd period - Shot Blocked by Tyler Myers.
12:47 of 2nd period - Wrist shot by Nick Perbix.
12:47 of 2nd period - Shot Blocked by Tyler Myers.
12:53 of 2nd period - Snap shot by Jean-Gabriel Pageau.
12:53 of 2nd period - Stopped by Samuel Montembeault without a rebound.
12:54 of 2nd period - Nick Suzuki wins face-off versus Jack Roslovic in Hartford Whalers zone.
13:01 of 2nd period - Wrist shot by Dylan Guenther.
13:01 of 2nd period - Stopped by Anthony Stolarz without a rebound.
13:02 of 2nd period - Jack Roslovic wins face-off versus Nick Suzuki in Nashville Predators zone.
13:09 of 2nd period - Snap shot by Yegor Sharangovich.
13:09 of 2nd period - Stopped by Samuel Montembeault without a rebound.
13:10 of 2nd period - Jack Roslovic wins face-off versus Joshua Norris in Hartford Whalers zone.
13:39 of 2nd period - Charlie McAvoy is hit by Brandon Montour and loses puck.
13:44 of 2nd period - Wrist shot by John-Jason Peterka.
13:44 of 2nd period - Stopped by Samuel Montembeault without a rebound.
13:45 of 2nd period - Anthony Cirelli wins face-off versus Jean-Gabriel Pageau in Hartford Whalers zone.
14:00 of 2nd period - Anthony Cirelli is hit by Parker Wotherspoon and loses puck.
14:43 of 2nd period - Slapshot by Dylan Guenther.
14:43 of 2nd period - Stopped by Anthony Stolarz with a rebound.
15:05 of 2nd period - Slapshot by Vladislav Gavrikov.
15:05 of 2nd period - Shot Blocked by Lars Eller.
15:43 of 2nd period - Jonathan Drouin is hit by Dmitri Voronkov.
16:13 of 2nd period - Icing by Seth Jones.
16:14 of 2nd period - Jean-Gabriel Pageau wins face-off versus Tomas Hertl in Hartford Whalers zone.
16:18 of 2nd period - Slapshot by Simon Benoit.
16:18 of 2nd period - Stopped by Samuel Montembeault without a rebound.
16:19 of 2nd period - Anthony Cirelli wins face-off versus Marco Kasper in Hartford Whalers zone.
16:26 of 2nd period - Marco Kasper is hit by Tyler Myers and loses puck.
16:33 of 2nd period - Slapshot by Anthony Cirelli.
16:33 of 2nd period - Stopped by Anthony Stolarz with a rebound.
16:35 of 2nd period - Snap shot by Kaapo Kakko.
16:35 of 2nd period - Stopped by Anthony Stolarz without a rebound.
16:36 of 2nd period - Joshua Norris wins face-off versus Jean-Gabriel Pageau in Nashville Predators zone.
16:41 of 2nd period - Wrist shot by Jonathan Drouin.
16:41 of 2nd period - Shot Misses the Net.
17:09 of 2nd period - Slapshot by Braden Schneider.
17:09 of 2nd period - Deflect By Kaapo Kakko.
17:09 of 2nd period - Stopped by Anthony Stolarz with a rebound.
17:11 of 2nd period - Slapshot by Braden Schneider.
17:11 of 2nd period - Stopped by Anthony Stolarz without a rebound.
17:12 of 2nd period - Jean-Gabriel Pageau wins face-off versus Nick Suzuki in Nashville Predators zone.
17:38 of 2nd period - Dmitri Voronkov is hit by Tom Wilson and loses puck.
18:23 of 2nd period - Snap shot by Yegor Sharangovich.
18:23 of 2nd period - Shot Blocked by Charlie McAvoy.
18:25 of 2nd period - Slapshot by Yegor Sharangovich.
18:25 of 2nd period - Stopped by Samuel Montembeault with a rebound.
18:27 of 2nd period - Slapshot by James van Riemsdyk.
18:27 of 2nd period - Stopped by Samuel Montembeault with a rebound.
18:41 of 2nd period - Snap shot by Dylan Guenther.
18:41 of 2nd period - Stopped by Anthony Stolarz with a rebound.
18:51 of 2nd period - Slapshot by Dmitri Voronkov.
18:51 of 2nd period - Stopped by Samuel Montembeault without a rebound.
18:52 of 2nd period - Jean-Gabriel Pageau wins face-off versus Joshua Norris in Hartford Whalers zone.
Goals for this period are 2 for Nashville Predators vs 0 for Hartford Whalers.
Shots for this period are 17 for Nashville Predators vs 15 for Hartford Whalers.
3rd period
0:01 of 3rd period - Jean-Gabriel Pageau wins face-off versus Joshua Norris in neutral zone.
0:16 of 3rd period - Rasmus Andersson is hit by Joshua Norris.
0:38 of 3rd period - Snap shot by Nick Suzuki.
0:38 of 3rd period - Goal by Nick Suzuki - Nashville Predators : 4 - Hartford Whalers : 1.
0:39 of 3rd period - Anthony Cirelli wins face-off versus Jean-Gabriel Pageau in neutral zone.
0:42 of 3rd period - Slapshot by Vladislav Gavrikov.
0:42 of 3rd period - Stopped by Anthony Stolarz without a rebound.
0:43 of 3rd period - Anthony Cirelli wins face-off versus Jean-Gabriel Pageau in Nashville Predators zone.
0:51 of 3rd period - Slapshot by Devon Toews.
0:51 of 3rd period - Shot Blocked by Brandon Montour.
0:53 of 3rd period - Slapshot by Vladislav Gavrikov.
0:53 of 3rd period - Deflect By Anthony Cirelli.
0:53 of 3rd period - Shot Blocked by Brandon Montour.
0:53 of 3rd period - Puck is out of play.
0:54 of 3rd period - Jean-Gabriel Pageau wins face-off versus Nick Suzuki in Nashville Predators zone.
0:54 of 3rd period - Jean-Gabriel Pageau is hit by Pierre-Luc Dubois.
1:02 of 3rd period - Snap shot by Vladislav Gavrikov.
1:02 of 3rd period - Deflect By Brandon Montour.
1:02 of 3rd period - Stopped by Anthony Stolarz without a rebound.
1:03 of 3rd period - Nick Suzuki wins face-off versus Jean-Gabriel Pageau in Nashville Predators zone.
1:28 of 3rd period - Snap shot by Pierre-Luc Dubois.
1:28 of 3rd period - Goal by Pierre-Luc Dubois - Nashville Predators : 4 - Hartford Whalers : 2.
1:29 of 3rd period - Joshua Norris wins face-off versus John-Jason Peterka in neutral zone.
1:55 of 3rd period - Rasmus Andersson is hit by Anthony Cirelli and loses puck.
2:24 of 3rd period - Slapshot by Dylan Guenther.
2:24 of 3rd period - Shot Misses the Net.
2:26 of 3rd period - Slapshot by Dylan Guenther.
2:26 of 3rd period - Stopped by Anthony Stolarz without a rebound.
2:27 of 3rd period - Jonathan Drouin wins face-off versus Jean-Gabriel Pageau in Nashville Predators zone.
2:38 of 3rd period - Snap shot by Jonathan Drouin.
2:38 of 3rd period - Deflect By Pius Suter.
2:38 of 3rd period - Stopped by Anthony Stolarz with a rebound.
2:56 of 3rd period - Slapshot by Anthony Cirelli.
2:56 of 3rd period - Shot Misses the Net.
3:32 of 3rd period - Snap shot by Dylan Guenther.
3:32 of 3rd period - Stopped by Anthony Stolarz with a rebound.
4:36 of 3rd period - Minor Penalty to Rasmus Andersson for Cross-checking.
4:37 of 3rd period - Tomas Hertl wins face-off versus Jean-Gabriel Pageau in Nashville Predators zone.
4:49 of 3rd period - Snap shot by Anthony Cirelli.
4:49 of 3rd period - Stopped by Anthony Stolarz with a rebound.
6:36 of 3rd period - Penalty to Rasmus Andersson is over, Rasmus Andersson is back on ice.
6:48 of 3rd period - Tyler Myers is hit by Alex Pietrangelo and loses puck.
7:11 of 3rd period - Jack Roslovic is hit by Anders Lee and loses puck.
7:36 of 3rd period - Nick Perbix is hit by Tom Wilson and loses puck.
8:01 of 3rd period - Vladislav Gavrikov is hit by Eetu Luostarinen.
8:24 of 3rd period - Pierre-Luc Dubois is hit by Simon Benoit and loses puck.
9:23 of 3rd period - Frank Nazar is hit by Brandon Montour and loses puck.
10:16 of 3rd period - Snap shot by Jonathan Drouin.
10:16 of 3rd period - Stopped by Anthony Stolarz without a rebound.
10:17 of 3rd period - Nick Suzuki wins face-off versus Marco Kasper in Nashville Predators zone.
10:38 of 3rd period - Rasmus Andersson is hit by Charlie McAvoy and loses puck.
11:17 of 3rd period - Vladislav Gavrikov is hit by Jake Neighbours and loses puck.
11:26 of 3rd period - Slapshot by Jake Neighbours.
11:26 of 3rd period - Stopped by Samuel Montembeault without a rebound.
11:27 of 3rd period - Jean-Gabriel Pageau wins face-off versus Nick Suzuki in Hartford Whalers zone.
11:40 of 3rd period - Wrist shot by John-Jason Peterka.
11:40 of 3rd period - Shot Blocked by Seth Jones.
11:42 of 3rd period - Snap shot by Pius Suter.
11:42 of 3rd period - Shot Blocked by Charlie McAvoy.
11:54 of 3rd period - Jake Neighbours is hit by Matthew Coronato and loses puck.
12:32 of 3rd period - Off-side.
12:33 of 3rd period - Joshua Norris wins face-off versus Jack Roslovic in neutral zone.
12:38 of 3rd period - Devon Toews is hit by Brandon Montour and loses puck.
13:24 of 3rd period - Minor Penalty to Kaapo Kakko for High sticking.
13:25 of 3rd period - Jean-Gabriel Pageau wins face-off versus Tom Wilson in Hartford Whalers zone.
13:48 of 3rd period - Snap shot by Joshua Norris.
13:48 of 3rd period - Shot Misses the Net.
15:24 of 3rd period - Penalty to Kaapo Kakko is over, Kaapo Kakko is back on ice.
15:37 of 3rd period - Off-side.
15:38 of 3rd period - Joshua Norris wins face-off versus Lars Eller in neutral zone.
15:51 of 3rd period - Eetu Luostarinen is hit by Dylan Guenther and loses puck.
16:10 of 3rd period - Wrist shot by Eetu Luostarinen.
16:10 of 3rd period - Stopped by Samuel Montembeault without a rebound.
16:11 of 3rd period - Jean-Gabriel Pageau wins face-off versus Tomas Hertl in Hartford Whalers zone.
17:46 of 3rd period - Wrist shot by John-Jason Peterka.
17:46 of 3rd period - Deflect By Pius Suter.
17:46 of 3rd period - Shot Blocked by Matthew Coronato.
17:46 of 3rd period - Puck is out of play.
17:47 of 3rd period - Anthony Cirelli wins face-off versus Jean-Gabriel Pageau in Hartford Whalers zone.
17:47 of 3rd period - Anthony Cirelli is hit by Pius Suter.
17:53 of 3rd period - Slapshot by Vladislav Gavrikov.
17:53 of 3rd period - Stopped by Anthony Stolarz with a rebound.
17:59 of 3rd period - Slapshot by Rasmus Andersson.
17:59 of 3rd period - Stopped by Samuel Montembeault with a rebound.
18:35 of 3rd period - Anthony Cirelli is hit by John-Jason Peterka.
18:36 of 3rd period - Icing by Anthony Cirelli.
18:37 of 3rd period - Anthony Cirelli wins face-off versus Jack Roslovic in Hartford Whalers zone.
18:50 of 3rd period - Wrist shot by Matthew Coronato.
18:50 of 3rd period - Shot Misses the Net.
19:35 of 3rd period - Wrist shot by Anthony Cirelli.
19:35 of 3rd period - Stopped by Anthony Stolarz with a rebound.
19:37 of 3rd period - Wrist shot by Anthony Cirelli.
19:37 of 3rd period - Shot Misses the Net.
19:39 of 3rd period - Snap shot by Charlie McAvoy.
19:39 of 3rd period - Shot Misses the Net.
19:41 of 3rd period - Slapshot by Anthony Cirelli.
19:41 of 3rd period - Stopped by Anthony Stolarz without a rebound.
19:42 of 3rd period - Tomas Hertl wins face-off versus Lars Eller in Nashville Predators zone.
19:43 of 3rd period - Slapshot by Frank Nazar.
19:43 of 3rd period - Stopped by Anthony Stolarz with a rebound.
Goals for this period are 0 for Nashville Predators vs 2 for Hartford Whalers.
Shots for this period are 3 for Nashville Predators vs 13 for Hartford Whalers.
Back to the Top